 Dungeon Crawl Stone Soup version 0.28.0 (webtiles) character file.

Game seed: 9651700151316263586

113 Sanktem7 the Covered (level 4, -16/41 HPs)
             Began as a Minotaur Fighter on Feb 10, 2022.
             Demolished by an ogre (18 damage)
             ... on level 4 of the Dungeon.
             The game lasted 00:06:51 (3189 turns).

Sanktem7 the Covered (Minotaur Fighter)             Turns: 3189, Time: 00:06:52

Health: -16/41     AC: 10    Str: 28    XL:     4   Next: 65%
Magic:  0/12       EV:  9    Int:  5    God:
Gold:   90         SH:  4    Dex: 10    Spells: 3/3 levels left

rFire   . . .      SeeInvis .   a - +0 long sword
rCold   . . .      Faith    .   c - +0 buckler
rNeg    + . .      Spirit   +   b - +0 scale mail
rPois   .          Reflect  .   (helmet restricted)
rElec   .          Harm     .   s - +1 cloak
rCorr   .          Rampage  .   v - +0 pair of gloves
Will    .....                   (no boots)
Stlth   ..........              p - amulet "Rox Uqur" {Spirit rN+ MP+9}
HPRegen 0.13/turn               u - +6 ring of strength
MPRegen 0.13/turn               (no ring)

@: no status effects
A: horns 2, retaliatory headbutt
a: no special abilities


You were on level 4 of the Dungeon.
You visited 1 branch of the dungeon, and saw 4 of its levels.

You collected 90 gold pieces.

Inventory:

Hand Weapons
 a - a +0 long sword (weapon)
Armour
 b - a +0 scale mail (worn)
 c - a +0 buckler (worn)
 s - a +1 cloak (worn)
 v - a +0 pair of gloves (worn)
Jewellery
 e - a ring of see invisible
 p - the amulet "Rox Uqur" (around neck) {Spirit rN+ MP+9}
   (You found it on level 2 of the Dungeon)

   [amulet of guardian spirit]

   It causes incoming damage to be divided between your reserves of health and
   magic.
   rN:        It protects you from negative energy.
   MP:        It affects your magic capacity (+9).
 u - a +6 ring of strength (left hand)
Scrolls
 f - a scroll of vulnerability
 g - a scroll of blinking
 h - a scroll of teleportation
 i - a scroll of amnesia
 q - a scroll of fog
Potions
 d - a potion of might
 k - a potion of resistance
 n - a potion of brilliance


   Skills:
 * Level 4.5 Fighting
 * Level 4.2 Long Blades
 * Level 4.6 Armour
 + Level 0.6 Dodging
 - Level 3.6 Shields


You had 3 spell levels left.
You didn't know any spells.
Your spell library contained the following spells:

 Spells                   Type           Power      Damage    Failure   Level
 Static Discharge         Conj/Air       0%         N/A       92%         2
 Dazzling Flash           Conj/Hex       0%         N/A       99%         3
 Iskenderun's Mystic Bla  Conj/Tloc      0%         2d3       100%        4
 Lightning Bolt           Conj/Air       0%         1d11      100%        5
 Starburst                Conj/Fire      0%         6d3       100%        6
 Maxwell's Capacitive Co  Air            0%         ∞         100%        8


Dungeon Overview and Level Annotations

Branches:
Dungeon (4/15)
 Temple: D:4-7

Altars:
Qazlal


Innate Abilities, Weirdness & Mutations

You have a pair of horns on your head.
You reflexively headbutt those who attack you in melee.


Message History

There is an open door here.
There is an open door here.
You recover from your berserk rage.
You are starting to lose your buoyancy.
You float gracefully downwards.
Things that are here:
a +0 dagger; a +0 hunting sling; 12 stones
There is an open door here.
You feel a little less clever now.
You see here a +0 rapier.
e - a ring of see invisible Done exploring.
There is a stone staircase leading down here.
You climb downwards.
The orc shouts!
There is a stone staircase leading up here.
The ogre hits you with a +0 giant spiked club!!
You barely miss the ogre. Your headbutt misses the ogre.
The orc throws a boomerang.
The boomerang hits you but does no damage.
You slash the ogre!
The ogre is moderately wounded.
The ogre hits you with a +0 giant spiked club!!
The orc hits you from afar with a +0 trident.
* * * LOW HITPOINT WARNING * * *
You barely miss the ogre.
The ogre is moderately wounded.
The ogre closely misses you.
The orc throws a boomerang.
The boomerang hits you but does no damage.
You hit the ogre.
You headbutt the ogre, but do no damage.
The ogre is heavily wounded.
The ogre hits you with a +0 giant spiked club!
* * * LOW HITPOINT WARNING * * *
The orc barely misses you.
You slash the ogre!
The ogre is almost dead.
The orc throws a boomerang.
The boomerang barely misses you.
The ogre hits you with a +0 giant spiked club!!
You die...

# #.
.### .o#
#
####.#.#
#.O@<..#
#.######
.. ##


You could see an ogre and an orc.

Vanquished Creatures
  Robin (D:2)
  2 adders (D:3)
  A worm (D:2)
  2 dart slugs
  4 orcs (D:3)
  4 ball pythons
  4 endoplasms
  A giant cockroach (D:2)
  13 goblins
  10 hobgoblins
  3 quokkas
  5 bats
  5 frilled lizards
  6 kobolds
  8 rats
69 creatures vanquished.

Notes
Turn   | Place    | Note
-------+----------+-------------------------------------------
     0 | D:1      | Sanktem7 the Minotaur Fighter began the quest for the Orb.
     0 | D:1      | Reached XP level 1. HP: 19/19 MP: 0/0
   236 | D:1      | Reached XP level 2. HP: 20/27 MP: 1/1
   327 | D:1      | Found a faded altar of an unknown god.
  1021 | D:2      | Found a stormy altar of Qazlal.
  1021 | D:2      | Noticed Robin
  1027 | D:2      | Reached XP level 3. HP: 10/33 MP: 2/2
  1047 | D:2      | Killed Robin
  1760 | D:2      | Identified the amulet "Rox Uqur" {Spirit rN+ MP+9}
  1837 | D:2      | Reached XP level 4. HP: 40/40 MP: 3/3
  3183 | D:4      | Noticed an ogre
  3188 | D:4      | HP: 2/41 [ogre (7)]
  3189 | D:4      | Demolished by an ogre

Illustrated notes

Levels and vault maps discovered:
D:1:      psy_arrival_whirlpool, layout_basic,
          shapermc_ecumenical_altar_pompeii, dk_noncrumbling_3,
          minmay_tromino_v4_a
D:2:      layout_basic, basic_altar, uniq_robin
D:3:      layout_basic, minmay_goblin_outpost
D:4:      layout_basic, serial_shops, nicolae_diamond_shop

Skill      XL: |  1  2  3  4 |
---------------+-------------+-----
Armour         | 4 |  4.6
Fighting       | 4 |  4.5
Long Blades    | 3 4 |  4.2
Dodging        | |  0.6
Shields        | |  3.6

Action                   |  1- 3 |  4- 6 || total
-------------------------+-------+-------++-------
Melee: Long sword        |    90 |    42 ||   132
       Headbutt          |    11 |     7 ||    18
  Use: Scroll            |       |     7 ||     7
       Potion            |       |     6 ||     6
Armor: Scale mail        |    48 |    30 ||    78
Dodge: Dodged            |    55 |    21 ||    76
Block: Buckler           |    18 |     5 ||    23
